 Dungeon Crawl Stone Soup version 0.22.0-13-g43fe8f2 (webtiles) character file.

1946 Loudmushroom the Cleaver (level 8, 0/65 HPs)
             Began as a Minotaur Fighter on Aug 16, 2018.
             Slain by a soul eater (4 damage)
             ... summoned by Xom
             ... on level 7 of the Dungeon.
             The game lasted 00:38:46 (6716 turns).

Loudmushroom the Cleaver (Minotaur Fighter)         Turns: 6716, Time: 00:38:46

Health: 0/65       AC: 28    Str: 20    XL:     8   Next: 98%
Magic:  7/7        EV:  6    Int:  5    God:    Xom [......]
Gold:   298        SH: 10    Dex: 13    Spells: 7/7 levels left

rFire    . . .     SeeInvis .   a - +0 war axe
rCold    . . .     Gourm    .   c - +0 shield
rNeg     + . .     Faith    .   k - +13 chain mail of the Swamp {*Drain rPois rN+}
rPois    +         Spirit   .   (helmet restricted)
rElec    .         Reflect  .   h - +0 cloak
rCorr    .         Harm     .   t - +1 pair of gloves
MR       .....                  b - +0 pair of boots
Stlth    ..........             e - amulet of rage
HPRegen  0.20/turn              (no ring)
MPRegen  0.10/turn              (no ring)

@: drained
A: retaliatory headbutt, horns 2, blurry vision 1, frail 1
a: Renounce Religion, Evoke Berserk Rage


You were on level 7 of the Dungeon.
You worshipped Xom.
You were a very special plaything of Xom.
You were not hungry.

You visited 2 branches of the dungeon, and saw 8 of its levels.

You collected 298 gold pieces.

Inventory:

Hand Weapons
 a - a +0 war axe (weapon)
 l - a +0 hunting sling
 p - a +0 hunting sling
 u - a cursed -3 hand axe
 y - a +0 flail
 A - a cursed -3 shortbow
 G - a +0 flail
Missiles
 g - 215 stones
 q - 114 arrows
 B - 4 tomahawks
 C - 43 bolts
 F - 6 javelins of penetration (quivered)
 I - 16 poisoned needles
Armour
 b - a +0 pair of boots (worn)
 c - a +0 shield (worn)
 h - a +0 cloak (worn)
 j - a +0 plate armour
 k - the +13 chain mail of the Swamp (worn) {*Drain rPois rN+}
   (You found it on level 4 of the Dungeon)

   It protects you from poison.
   It protects you from negative energy.
   It causes draining when unequipped.
 t - a +1 pair of gloves (worn)
 H - a +1 plate armour of cold resistance
Jewellery
 e - an amulet of rage (around neck)
 E - an uncursed amulet of guardian spirit {unknown}
Wands
 z - a wand of iceblast (11)
Scrolls
 i - 4 scrolls of teleportation
 r - a scroll of identify
 v - 3 scrolls of remove curse
Potions
 d - a potion of might
 m - a potion of heal wounds {unknown}
 n - a potion of magic
 o - 3 potions of curing
 s - 4 potions of berserk rage
 w - a potion of mutation {unknown}
 x - a potion of flight {unknown}
 D - a potion of lignification {unknown}
Comestibles
 f - 13 rations
 J - a chunk of flesh


   Skills:
 + Level 7.2(6.5) Fighting
 * Level 9.1(8.4) Axes
 + Level 7.3(6.5) Armour
 + Level 7.2(6.5) Shields


You had 7 spell levels left.
You didn't know any spells.
Your spell library contained the following spells:

 Spells                   Type           Power        Failure   Level  Hunger
 Confuse                  Hex            #.......     100%        3    ####...
 Confusing Touch          Hex            #.....       100%        1    ##.....
 Metabolic Englaciation   Hex/Ice        #.........   100%        5    ######.
 Petrify                  Tmut/Erth      #.......     100%        4    #####..
 Gell's Gravitas          Tloc           #.........   100%        3    ####...
 Yara's Violent Unravell  Hex/Tmut       #.........   100%        5    ######.


Dungeon Overview and Level Annotations

Branches:
Dungeon (7/15)             Temple (1/1) D:4

Altars:
Ashenzari
Cheibriados
Dithmenos
Elyvilon
Fedhas
Gozag
Hepliaklqana
Makhleb
Nemelex Xobeh
Qazlal
Ru
Sif Muna
Trog
Uskayaw
Vehumet
Wu Jian
Xom
Yredelemnul
Zin
The Shining One

Shops:
D:5 :


Innate Abilities, Weirdness & Mutations

You reflexively headbutt those who attack you in melee.
You have a pair of horns on your head.
Scrolls take you a little longer to read.
You are frail. (-10% HP)


Message History

* * * LOW HITPOINT WARNING * * *
The soul eater is healed.
You hit the soul eater but do no damage.
You headbutt the soul eater, but do no damage.
The soul eater is moderately wounded.
The soul eater barely misses you.
Your shield and chain mail of the Swamp prevent you from hitting the soul eater.
You headbutt the soul eater, but do no damage.
The soul eater is moderately wounded.
You block the soul eater's attack.
Your shield and chain mail of the Swamp prevent you from hitting the soul eater.
You headbutt the soul eater, but do no damage.
The soul eater is moderately wounded.
You block the soul eater's attack.
You hit the soul eater but do no damage.
You headbutt the soul eater!
The soul eater is moderately wounded.
The soul eater hits you.
You die... "It's all fun and games until someone loses an eye."

#.. .## ## .. ..##..
#.. ..... #..
#...### ..#
#..####....... #..#
##.....$.......
#..###..............
#..#.. #3..# ###...
###@###
###....###...#
.##............#
...........###..#
.........### ##..#
#.#######.# #... ##.
#.# .##. #..# #.##
.# . #..# ##..##


You could see a soul eater.

Vanquished Creatures
  Grinder (D:4)
  Sigmund (D:3)
  2 sky beasts
  An orc warrior (D:6)
  An ogre (D:6)
  A phantom (D:4)
  A centaur (D:4)
  4 bullfrogs
  2 scorpions
  A howler monkey (D:6)
  2 crimson imps (D:5)
  4 orc priests
  3 iguanas (D:6)
  8 orc wizards
  A hound skeleton (D:5)
  2 howler monkey skeletons
  4 adders
  A shadow imp (D:6)
  An ooze (D:1)
  An adder skeleton (D:4)
  4 worms
  5 leopard geckos
  29 orcs
  3 giant cockroaches
  4 goblins
  6 hobgoblins
  11 jackals
  4 kobolds
  4 quokkas
  A ball python (D:2)
  3 bats
  3 frilled lizards
  A leopard gecko skeleton (D:5)
  A quokka skeleton (D:5)
  9 rats
  2 fungi (D:6)
132 creatures vanquished.

Notes
Turn   | Place    | Note
-------+----------+-------------------------------------------
     0 | D:1      | Loudmushroom the Minotaur Fighter began the quest for the Orb.
     0 | D:1      | Reached XP level 1. HP: 19/19 MP: 0/0
   162 | D:1      | You fall through a shaft!
   194 | D:2      | Found a stormy altar of Qazlal.
   322 | D:2      | Reached XP level 2. HP: 27/27 MP: 1/1
   486 | D:1      | Reached skill level 3 in Axes
  1159 | D:2      | Reached XP level 3. HP: 27/33 MP: 2/2
  1279 | D:2      | Found a hide-covered altar of Uskayaw.
  2021 | D:3      | Reached XP level 4. HP: 17/40 MP: 3/3
  2026 | D:3      | Reached skill level 4 in Axes
  2249 | D:3      | Noticed Sigmund
  2264 | D:3      | Killed Sigmund
  2264 | D:3      | Reached skill level 5 in Axes
  2264 | D:3      | Reached XP level 5. HP: 45/47 MP: 4/4
  2299 | D:3      | Reached XP level 6. HP: 55/55 MP: 5/5
  2641 | D:3      | Reached skill level 5 in Armour
  2827 | D:4      | Noticed Grinder
  2830 | D:4      | Paralysed by Grinder for 3 turns
  2836 | D:4      | Paralysed by Grinder for 2 turns
  2849 | D:4      | Paralysed by Grinder for 2 turns
  2853 | D:4      | Killed Grinder
  2853 | D:4      | Reached skill level 5 in Fighting
  2853 | D:4      | Reached skill level 6 in Axes
  2853 | D:4      | Reached skill level 5 in Shields
  2853 | D:4      | Reached XP level 7. HP: 41/61 MP: 6/6
  2993 | D:4      | Got a pitted chain mail
  3415 | D:4      | Reached skill level 7 in Axes
  3416 | D:4      | Found a staircase to the Ecumenical Temple.
  3429 | Temple   | Entered the Ecumenical Temple
  3809 | D:4      | Found a shadowy altar of Dithmenos.
  3809 | D:4      | Found a sacrificial altar of Ru.
  3812 | D:4      | Found a shimmering altar of Xom.
  3812 | D:4      | Found a blossoming altar of Fedhas.
  3812 | D:4      | Found a hazy altar of Hepliaklqana.
  3812 | D:4      | Found a burning altar of Makhleb.
  3812 | D:4      | Found a glowing silver altar of Zin.
  3815 | D:4      | Found a bloodstained altar of Trog.
  4145 | D:4      | Became a worshipper of Xom of Chaos
  4221 | D:4      | Identified the +13 chain mail of the Swamp {*Drain rPois rN+} (You found it on level 4 of the Dungeon)
  4223 | D:4      | XOM: divination: magic mapping
  4279 | D:5      | Entered Level 5 of the Dungeon
  4370 | D:5      | Reached XP level 8. HP: 70/70 MP: 7/7
  4723 | D:5      | Found a sparkling altar of Nemelex Xobeh.
  5017 | D:5      | Found Unom's Book Boutique.
  5050 | D:5      | XOM: god gift: scroll of teleportation
  5072 | D:6      | Found a blossoming altar of Fedhas.
  5087 | D:6      | XOM: polymorph scorpion -> bullfrog
  5428 | D:6      | Reached skill level 8 in Axes
  5430 | D:6      | XOM: summons friendly shadow imp
  5846 | D:6      | Found a glowing golden altar of the Shining One.
  5980 | D:6      | XOM: harmless Conj miscast
  6139 | D:6      | XOM: harmless Pois miscast
  6238 | D:6      | XOM: draining
  6395 | D:6      | XOM: give mutations
  6395 | D:6      | Gained mutation: Scrolls take you a little longer to read. [Xom's mischief]
  6395 | D:6      | Gained mutation: You are frail. (-10% HP) [Xom's mischief]
  6475 | D:7      | Reached skill level 9 in Axes
  6483 | D:7      | XOM: noise
  6591 | D:7      | XOM: summons 4 hostile demons
  6685 | D:7      | XOM: summons 4 hostile demons
  6686 | D:7      | Noticed a soul eater
  6716 | D:7      | Slain by a soul eater

Skill      XL: |  1  2  3  4  5  6  7  8 |
---------------+-------------------------+-----
Axes           | 3 5 6 7 9 |  9.1
Fighting       | 4 5 6 7 |  7.2
Shields        | 4 5 6 7 |  7.2
Armour         | 4 5 6 7 |  7.3

Action                   |  1- 3 |  4- 6 |  7- 9 || total
-------------------------+-------+-------+-------++-------
Melee: War axe           |    87 |    72 |   276 ||   435
       Headbutt          |    14 |    13 |    62 ||    89
  Use: Scroll            |       |       |    11 ||    11
  Eat: Chunk             |     3 |     3 |     6 ||    12
       Ration            |       |       |     2 ||     2
Armor: Scale mail        |     2 |       |       ||     2
       Plate armour      |    48 |    33 |    53 ||   134
       Chain mail        |       |       |   162 ||   162
Dodge: Dodged            |    11 |     8 |    61 ||    80
Block: Shield            |    50 |    28 |   148 ||   226
